AoeStats
← Isengard

Arabia

509024447Analyzed
4v4 RM · 6d ago on Sep 25, 2026· 6m 28s· 8 players
Game mode
Random Map
Map size
Large (8 player)
Population
200
Speed
Normal
Resources
Standard
Victory
Conquest
Starting age
Dark Age
Ending age
Imperial Age
RankedLock teamsTeams togetherTeam positionsShared explorationLock speedFull tech treeHidden civsTurbo modeCheats
Victory
Defeat
🇧🇴 Persians · Bolivia
1518
+12
🇲🇽 Gurjaras · Mexico
1468
+14
🇵🇪 Mongols · Peru
1463
+15
🇨🇴 Muisca · Colombia
1396
+18
🇨🇳 Magyars · China
1468
-16
🇺🇸 Bulgarians · United States
1433
-15
🇺🇸 Gurjaras · United States
1429
-15
🇺🇸 Ethiopians · United States
1394
-13
Isengard
4:24 Loom
抖音帝国时代dmv
6:38 Loom
Danilo Solari
6:48 Loom
andfoul
5:43 Loom
AM | DEMONIO_MX
5:57 Loom
AM | AndresBC
3:37 Loom
Ing.Patrick QG
2:14 Loom
AM | Chuchito
3:41 Loom
6:51 Loom
Connection lost

Rejoining the realm…

Still unreachable

The connection could not be restored.

Session expired

The server has moved on; the page needs a fresh start.